 Dungeon Crawl Stone Soup version 0.27-a0-1105-g946c659c87 (webtiles) character file.

Game seed: 6391792716762294924

1236 1player the Skirmisher (level 8, 0/84 HPs)
             Began as an Ogre Delver on Apr 30, 2021.
             Was a Priest of Zin.
             Slain by a sun demon (15 damage)
             ... summoned by a kobold demonologist
             ... on level 6 of the Dungeon.
             The game lasted 00:16:53 (8868 turns).

1player the Skirmisher (Ogre Delver)                Turns: 8868, Time: 00:16:54

Health: 0/84       AC:  4    Str: 17    XL:     8   Next: 49%
Magic:  6/10       EV: 10    Int: 11    God:    Zin [***...]
Gold:   213        SH:  0    Dex: 12    Spells: 7/7 levels left

rFire    . . .     SeeInvis .   s - +0 quarterstaff
rCold    . . .     Faith    .   (shield currently unavailable)
rNeg     . . .     Spirit   .   b - +1 robe
rPois    .         Reflect  .   (helmet restricted)
rElec    .         Harm     .   (no cloak)
rCorr    .         Rampage  .   (gloves unavailable)
Will     .....                  (boots unavailable)
Stlth    ++........             (no amulet)
HPRegen  0.24/turn              h - +4 ring of slaying
MPRegen  0.12/turn              (no ring)

@: reciting, on recite cooldown
A: large, unfitting armour, tough skin 1
a: Renounce Religion, Recite, Vitalisation, Imprison, Donate Gold


You were on level 6 of the Dungeon.
You worshipped Zin.
Zin was most pleased with you.
You visited 1 branch of the dungeon, and saw 6 of its levels.
You also visited: Sewer.

You collected 281 gold pieces.
You spent 40 gold pieces at shops.
You donated 28 gold pieces to Zin.

Inventory:

Hand Weapons
 s - a +0 quarterstaff (weapon)
Missiles
 j - 176 stones
 k - 3 boomerangs (quivered)
Armour
 b - a +1 robe (worn)
Jewellery
 h - a +4 ring of slaying (left hand)
Wands
 g - a wand of digging (3)
 B - a wand of flame (15)
Scrolls
 c - a scroll of fog
 d - a scroll of magic mapping
 e - a scroll of fear
 q - a scroll of teleportation
 u - a scroll of silence {!r}
 y - a scroll of brand weapon {unknown}
 z - 2 scrolls of enchant weapon {unknown}
 C - a scroll of immolation {unknown}
Potions
 l - a potion of brilliance {unknown}
 m - a potion of lignification {unknown}
 n - 4 potions of heal wounds {@q2}
 o - a potion of magic {unknown}
 p - 2 potions of resistance {unknown}
 r - 2 potions of degeneration {unknown}
 t - a potion of cancellation {unknown}
 v - 2 potions of attraction {unknown}
 w - a potion of ambrosia {unknown}
 A - a potion of flight {unknown}


   Skills:
 + Level 6.9 Fighting
 * Level 6.7 Polearms
 - Level 4.0 Throwing
 - Level 3.0 Dodging
 - Level 3.7 Stealth
 + Level 3.7 Invocations


You had 7 spell levels left.
You didn't know any spells.
Your spell library contained the following spells:

 Spells                   Type           Power      Damage    Failure   Level
 Beastly Appendage        Tmut           0%         N/A       34%         1
 Summon Small Mammal      Summ           0%         N/A       34%         1
 Call Imp                 Summ           0%         N/A       47%         2
 Wereblood                Tmut           0%         N/A       47%         2
 Call Canine Familiar     Summ           0%         N/A       71%         3
 Spider Form              Tmut/Pois      0%         N/A       71%         3
 Summon Guardian Golem    Hex/Summ       0%         N/A       71%         3
 Ice Form                 Ice/Tmut       0%         N/A       98%         4
 Summon Ice Beast         Ice/Summ       0%         N/A       98%         4
 Summon Lightning Spire   Summ/Air       0%         N/A       98%         4
 Hydra Form               Tmut           0%         N/A       100%        5


Dungeon Overview and Level Annotations

Branches:
Dungeon (6/15)              Sewer (visited)
 Temple: D:4-7

Altars:
Hepliaklqana
Ru
Wu Jian
Zin

Shops:
D:5 *


Innate Abilities, Weirdness & Mutations

You are too large for most types of armour.
You have tough skin. (AC +1)


Message History

The kobold demonologist is lost in a daze.
You start resting.
You are ready to recite again.
You start resting.
HP restored.
A kobold demonologist is nearby!
Okay, then.
Unknown command.
Press: ? - help, Dir - move target, f - kobold demonologist
Aim: a kobold demonologist, wielding a +0 dagger, wearing a +0 robe and carrying a wand of mindburst (19) (wandering, hasn't noticed you) Zin imprisons the kobold demonologist with walls of pure silver!
Zin releases the kobold demonologist from its prison.
The kobold demonologist zaps a wand.
Your mind is blasted!
You hit the kobold demonologist.
The kobold demonologist is lightly wounded.
The kobold demonologist looks braver for a moment.
You barely miss the kobold demonologist.
The kobold demonologist is lightly wounded.
The kobold demonologist gestures wildly while chanting.
You barely miss the kobold demonologist.
The kobold demonologist is lightly wounded.
The kobold demonologist hits you with a +0 dagger.
Okay, then.
You hit the kobold demonologist.
The kobold demonologist is lightly wounded.
The kobold demonologist barely misses you.
You sock the kobold demonologist!
The kobold demonologist is moderately wounded.
The kobold demonologist zaps a wand.
Your mind is blasted!
You clear your throat and prepare to recite. "Zin saw the unfaithfulness of the guilty, and..."
You hear a bellow!
The sun demon hits you!
You are engulfed in flames!
The kobold demonologist hits you with a +0 dagger.
The sun demon hits you!!
* * * LOW HITPOINT WARNING * * *
You are engulfed in flames!
You die...

......# #########..####.#
......# #.........>.....#
....#.##########.###############
###.#...#..........#
..#.###.#'######.#.### .<#.#
#........#.#...####### S.#.#
#........#.#.#.#.....## .5#.#
#........#............. .##.#
#......###@.#.....#..#. T...#
#....5.#.K3.##...##...#
..#######.####....###.###....
.)T..5TO.......###.##.##.###.
#########.####..###.#.#.###..
.... ##..####.####.?#
#####.........8.....##
.#..####.####..# ..###.#.#.###.)


You could see a sun demon (summoned) and a kobold demonologist.

Vanquished Creatures
  Edmund (D:6)
  An ice beast (D:5)
  A sky beast (D:6)
  3 phantoms
  2 scorpions (D:4)
  A bullfrog (D:6)
  A howler monkey (D:5)
  A bullfrog skeleton (D:5)
  2 jellies
  A hound (D:5)
  A centaur skeleton (D:5)
  3 orc priests (D:5)
  Natasha (twice) (D:1)
  A killer bee zombie (D:6)
  A hound zombie (D:5)
  A howler monkey zombie (D:6)
  7 adders
  A shadow imp (D:6)
  2 white imps (D:6)
  An adder skeleton (D:4)
  3 worms (D:3)
  A dart slug (D:4)
  4 orcs
  8 endoplasms
  2 giant cockroaches
  6 goblins
  3 hobgoblins
  13 jackals
  12 kobolds
  4 quokkas
  9 ball pythons
  4 bats
  4 frilled lizards
  5 rats
112 creatures vanquished.

Vanquished Creatures (others)
  10 plants (Sewer)
10 creatures vanquished.

Grand Total: 122 creatures vanquished

Notes
Turn   | Place    | Note
-------+----------+-------------------------------------------
     0 | D:5      | 1player the Ogre Delver began the quest for the Orb.
     0 | D:5      | Reached XP level 1. HP: 24/24 MP: 1/1
    17 | D:5      | Noticed a jelly
   186 | D:5      | Noticed an orc priest
   468 | D:4      | Noticed a phantom
   781 | D:4      | Noticed a scorpion
   800 | D:4      | Killed a scorpion
   801 | D:4      | Reached XP level 2. HP: 30/33 MP: 2/2
   801 | D:4      | Reached XP level 3. HP: 36/40 MP: 3/3
   801 | D:4      | Reached XP level 4. HP: 44/49 MP: 4/4
   946 | D:3      | Found a glowing drain.
   957 | Sewer    | Entered a sewer
  1973 | D:1      | Reached skill level 5 in Fighting
  2000 | D:1      | Reached XP level 5. HP: 57/57 MP: 5/5
  2366 | D:1      | You fall into a shaft and drop 1 floor!
  2659 | D:1      | Found a faded altar of an unknown god.
  3006 | D:2      | Noticed Natasha
  3111 | D:1      | Killed Natasha
  3522 | D:1      | Noticed Natasha
  3527 | D:1      | Killed Natasha
  3536 | D:1      | Became a worshipper of Zin the Law-Giver
  3536 | D:1      | Reached * piety under Zin
  3536 | D:1      | Reached ** piety under Zin
  4426 | D:3      | Reached XP level 6. HP: 62/66 MP: 6/6
  4717 | D:4      | Found a sacrificial altar of Ru.
  5739 | D:5      | Reached XP level 7. HP: 64/72 MP: 7/7
  5874 | D:5      | Reached skill level 1 in Invocations
  6444 | D:5      | Reached skill level 5 in Polearms
  7075 | D:5      | Found Itumat's Assorted Antiques.
  7110 | D:5      | Bought a coppery potion for 20 gold pieces
  7110 | D:5      | Bought a sedimented red potion for 20 gold pieces
  7114 | D:5      | Found an ornate altar of the Wu Jian Council.
  7115 | D:5      | Found a hazy altar of Hepliaklqana.
  7392 | D:6      | Reached *** piety under Zin
  7462 | D:6      | Reached XP level 8. HP: 76/83 MP: 8/10
  7731 | D:6      | Noticed Edmund
  7766 | D:6      | Killed Edmund
  8350 | D:6      | Noticed a troll
  8685 | D:6      | Noticed a kobold demonologist
  8693 | D:6      | Noticed a hellwing
  8865 | D:6      | Noticed a sun demon
  8868 | D:6      | Slain by a sun demon

Illustrated notes

Levels and vault maps discovered:
D:1:      lightli_molten_gateway, layout_basic,
          hellmonk_ecumenical_altar_crossroads
D:2:      layout_loops_cross, uniq_natasha
D:3:      layout_loops_corners, cheibrodos_sewer_entry_drain
D:4:      minmay_angry_zag, layout_basic, lemuel_crystal_altar
D:5:      layout_loops_corners, nicolae_overflow_hidden_temple, serial_shops,
          shop_fountains, hangedman_decor_opposing
D:6:      layout_basic, kb_rosetta, uniq_edmund

Skill      XL: |  1  2  3  4  5  6  7  8 |
---------------+-------------------------+-----
Throwing       | 2 3 4 |  4.0
Dodging        | 2 3 |  3.0
Fighting       | 5 6 |  6.9
Polearms       | 3 4 5 6 |  6.7
Invocations    | 2 3 |  3.7
Stealth        | |  3.7

Action                   |  1- 3 |  4- 6 |  7- 9 || total
-------------------------+-------+-------+-------++-------
Melee: Spear             |    14 |    77 |       ||    91
       Quarterstaff      |       |   138 |   115 ||   253
Throw: Stone             |     3 |    36 |    10 ||    49
       Boomerang         |       |       |    23 ||    23
Invok: Recite            |       |       |     3 ||     3
       Imprison          |       |       |     1 ||     1
  Use: Potion            |     1 |       |     2 ||     3
       Scroll            |       |     1 |     3 ||     4
 Stab: Sleeping          |       |    21 |     1 ||    22
Armor: Robe              |     4 |    50 |    19 ||    73
Dodge: Dodged            |     5 |    83 |    55 ||   143

Table legend: (Time is in decaauts)
 A = Elapsed time spent in this place.
 B = Non-inter-level travel time spent in this place.
 C = Inter-level travel time spent in this place.
 D = Time resting spent in this place.
 E = Time spent auto-exploring this place.
 F = Levels seen in this place.
 G = Mean time per level.
                   A        B        C        D        E       F      G
               +--------+--------+--------+--------+--------+-----+--------+
         Total |   9077 |   8803 |    274 |   2411 |   4441 |   7 | 1296.7 |
       Dungeon |   8119 |   7845 |    274 |   2284 |   3815 |   6 | 1353.2 |
         Sewer |    957 |    957 |      0 |    127 |    625 |   1 |  957.0 |
               +--------+--------+--------+--------+--------+-----+--------+

Top non-repeatable levels by time:
     D:5: 2022 daAuts
     D:4: 1457 daAuts
     D:6: 1293 daAuts
     D:1: 1269 daAuts
     D:3: 1184 daAuts
   Sewer: 957 daAuts
     D:2: 891 daAuts
